 Dungeon Crawl Stone Soup version 0.25-a0-632-g7713895373 (webtiles) character file.

Game seed: 13319457470638988501, levelgen mode: deterministic

973 Gynju the Thaumaturge (level 7, -11/37 HPs)
             Began as a Deep Elf Wizard on Mar 19, 2020.
             Was an Initiate of Vehumet.
             Mangled by an ice beast (13 damage)
             ... on level 6 of the Dungeon.
             The game lasted 00:10:59 (5034 turns).

Gynju the Thaumaturge (Deep Elf Wizard)             Turns: 5034, Time: 00:10:59

Health: -11/37     AC:  3    Str:  6    XL:     7   Next: 94%
Magic:  6/21       EV: 12    Int: 23    God:    Vehumet [......]
Gold:   275        SH:  0    Dex: 13    Spells: 15/23 levels left

rFire    . . .     SeeInvis .   k - +4 dagger
rCold    . . .     Gourm    .   (no shield)
rNeg     . . .     Faith    .   s - +0 leather armour (curse)
rPois    .         Spirit   .   b - +0 hat
rElec    .         Reflect  .   (no cloak)
rCorr    .         Harm     .   (no gloves)
MR       .....                  (no boots)
Stlth    ++........             (no amulet)
HPRegen  0.12/turn              (no ring)
MPRegen  0.17/turn              (no ring)

@: drained
A: no striking features
a: Renounce Religion


You were on level 6 of the Dungeon.
You worshipped Vehumet.
Vehumet was noncommittal.
You were not hungry.

You visited 2 branches of the dungeon, and saw 8 of its levels.

You collected 275 gold pieces.

Inventory:

Hand Weapons
 k - a +4 dagger (weapon)
Missiles
 p - 9 poisoned darts (quivered)
Armour
 a - a +0 robe
 b - a +0 hat (worn)
 s - a cursed +0 leather armour (worn)
Wands
 w - a wand of acid (8)
Scrolls
 e - a scroll of noise {unknown}
 f - 2 scrolls of blinking
 j - a scroll of random uselessness {unknown}
 o - 2 scrolls of teleportation {unknown}
 t - a scroll of amnesia
 v - a scroll of identify {@r1}
 x - a scroll of fog {unknown}
Potions
 c - a potion of mutation {unknown}
 h - 3 potions of stabbing
 i - 2 potions of heal wounds
 l - a potion of cancellation
 m - a potion of haste
 n - a potion of lignification {unknown}
 r - a potion of curing {@q1}
 u - a potion of berserk rage {unknown}
 z - a potion of flight {unknown}
Comestibles
 d - 7 rations


   Skills:
 + Level 0.8(0.2) Fighting
 + Level 2.9(2.3) Dodging
 - Level 5.0(4.3) Stealth
 + Level 8.7(8.0) Spellcasting
 + Level 6.3(5.6) Conjurations
 - Level 1.1(0.5) Summonings
 - Level 1.1(0.5) Translocations
 + Level 1.2(0.6) Evocations


You had 15 spell levels left.
You knew the following spells:

 Your Spells              Type           Power        Failure   Level  Hunger
a - Magic Dart            Conj           ####         1%          1    None
b - Blink                 Tloc           N/A          13%         2    None
c - Call Imp              Summ           ##......     13%         2    None
d - Conjure Flame         Conj/Fire      ###.....     10%         3    None

Your spell library contained the following spells:

 Spells                   Type           Power        Failure   Level  Hunger
 Slow                     Hex            #.......     16%         2    None
 Mephitic Cloud           Conj/Pois/Air  ###.....     16%         3    None


Dungeon Overview and Level Annotations

Branches:
Dungeon (7/15)             Temple (1/1) D:6

Altars:
Cheibriados
Dithmenos
Elyvilon
Fedhas
Gozag
Hepliaklqana
Kikubaaqudgha
Okawaru
Sif Muna
Trog
Uskayaw
Vehumet
Wu Jian
Xom
The Shining One

Annotations:
D:4 Sigmund


Message History

* * * LOW HITPOINT WARNING * * *
Casting: Magic Dart (safe; 1% risk of failure)
Confirm with . or Enter, or press ? or * to list all spells.
Aiming: Magic Dart (safe; 1% risk of failure)
Press: ? - help, Shift-Dir - straight line, f/p - ice beast
Aim: an ice beast (lightly wounded)
The magic dart hits the ice beast but does no damage.
The ice beast is lightly wounded.
The ice beast closely misses you.
Casting: Magic Dart (safe; 1% risk of failure)
Confirm with . or Enter, or press ? or * to list all spells.
Aiming: Magic Dart (safe; 1% risk of failure)
Press: ? - help, Shift-Dir - straight line, f/p - ice beast
Aim: an ice beast (lightly wounded)
The magic dart hits the ice beast.
The ice beast is lightly wounded.
The ice beast hits you.
* * * LOW HITPOINT WARNING * * *
The ice beast freezes you!
You die...

... #............#
#...##..##..##..##
.##...##..##..##..#
....(.........#..#
.............+..#
#..##..###+#####
#..##..###.###.###
#..Y....'....+...#
+...@...#....#...#
#..##...#....#...##
### #####...#.....#
#.###.....# ###
#.##### ###


You could see an ice beast.

Vanquished Creatures
  An ice beast (D:7)
  2 ogres
  A bullfrog (D:7)
  A scorpion (D:4)
  2 wights (Temple)
  2 howler monkeys
  A hound (D:4)
  An orc priest (D:5)
  2 centaur skeletons
  2 worker ants
  Natasha (thrice) (D:3)
  Terence (D:3)
  A hound skeleton (D:7)
  2 adders
  An ooze (D:3)
  A worm (D:2)
  A dart slug (D:2)
  2 leopard geckos
  7 orcs
  3 bats
  A giant cockroach (D:3)
  6 goblins
  2 hobgoblins
  4 jackals (D:3)
  A quokka (D:6)
  A ball python (D:2)
  5 frilled lizards
  3 kobolds
  A quokka skeleton (D:4)
  4 rats
65 creatures vanquished.

Vanquished Creatures (collateral kills)
  A necrophage (D:3)
  A phantom (D:6)
2 creatures vanquished.

Grand Total: 67 creatures vanquished

Notes
Turn   | Place    | Note
-------+----------+-------------------------------------------
     0 | D:1      | Gynju the Deep Elf Wizard began the quest for the Orb.
     0 | D:1      | Reached XP level 1. HP: 10/10 MP: 7/7
   965 | D:2      | Reached XP level 2. HP: 15/15 MP: 7/9
   987 | D:1      | Reached skill level 5 in Spellcasting
  1082 | D:2      | Found a white marble altar of Elyvilon.
  1347 | D:2      | Found a hide-covered altar of Uskayaw.
  1353 | D:2      | Reached XP level 3. HP: 19/19 MP: 8/11
  1420 | D:2      | You fall into a shaft and drop 2 floors!
  1421 | D:4      | Noticed a scorpion
  1428 | D:4      | Killed a scorpion
  1428 | D:4      | Reached XP level 4. HP: 8/24 MP: 3/13
  1511 | D:4      | Reached skill level 6 in Spellcasting
  1576 | D:4      | Learned a level 2 spell: Blink
  1579 | D:4      | Learned a level 2 spell: Call Imp
  1661 | D:3      | Noticed a necrophage
  1840 | D:3      | Noticed Terence
  1850 | D:3      | Killed Terence
  1850 | D:3      | Reached XP level 5. HP: 28/28 MP: 7/15
  1880 | D:3      | Killed a necrophage
  2689 | D:3      | Noticed Natasha
  2692 | D:3      | Killed Natasha
  2692 | D:3      | Reached skill level 7 in Spellcasting
  2786 | D:3      | Noticed Natasha
  2789 | D:3      | Killed Natasha
  2789 | D:3      | Reached XP level 6. HP: 30/30 MP: 14/18
  3018 | D:3      | Noticed Natasha
  3024 | D:3      | Killed Natasha
  3246 | D:4      | Noticed Sigmund
  3530 | D:4      | Reached skill level 5 in Conjurations
  3663 | D:5      | Entered Level 5 of the Dungeon
  3680 | D:5      | Learned a level 3 spell: Conjure Flame
  3829 | D:5      | Reached XP level 7. HP: 34/34 MP: 14/20
  3897 | D:5      | You fall into a shaft and drop 2 floors!
  3910 | D:7      | Reached skill level 8 in Spellcasting
  3916 | D:7      | Reached skill level 5 in Stealth
  4304 | D:6      | Found a staircase to the Ecumenical Temple.
  4315 | Temple   | Entered the Ecumenical Temple
  4335 | Temple   | Became a worshipper of Vehumet
  5025 | D:6      | Reached skill level 1 in Evocations
  5034 | D:6      | Mangled by an ice beast

Levels and vault maps discovered:
D:1:      dpeg_arrival_signposts, layout_basic
D:2:      layout_rooms, overflow_temple_1_default,
          eat_drink_and_be_merry_uskayaw
D:3:      layout_basic, uniq_natasha, uniq_terence
D:4:      layout_cave_pools, first_ration, uniq_sigmund
D:5:      layout_loops_ring, marbit_many_paths, kennysheep_crisscross,
          dk_rats_in_the_wall
D:6:      layout_gridville, minmay_temple_entry_grid, trog_ov_bears_minmay
D:7:      layout_rooms, nicolae_overflow_crystal_walls
Temple:   nicolae_temple_elliptical

Skill      XL: |  1  2  3  4  5  6  7 |
---------------+----------------------+-----
Spellcasting   | 5 6 7 8 |  8.7
Conjurations   | 2 3 4 5 6 |  6.3
Stealth        | 4 5 |  5.0
Evocations     | 1 |  1.2
Fighting       | |  0.8
Dodging        | |  2.9
Summonings     | |  1.1
Translocations | |  1.1

Action                   |  1- 3 |  4- 6 |  7- 9 || total
-------------------------+-------+-------+-------++-------
Melee: Dagger            |       |     5 |    11 ||    16
 Cast: Magic Dart        |    42 |   117 |    59 ||   218
       Call Imp          |       |     4 |    33 ||    37
       Blink             |       |       |     3 ||     3
       Conjure Flame     |       |       |     1 ||     1
  Use: Scroll            |       |     8 |       ||     8
       Potion            |       |     2 |     1 ||     3
 Stab: Distracted        |       |     1 |       ||     1
  Eat: Chunk             |     1 |     8 |     1 ||    10
       Ration            |       |       |     1 ||     1
Armor: Robe              |       |     3 |       ||     3
       Leather armour    |       |       |     4 ||     4
Dodge: Dodged            |    14 |    18 |    25 ||    57

Table legend:
 A = Non-vault XP
 B = Vault XP
 C = Vault XP percentage of total XP
 D = Non-vault monster count
 E = Vault monster count
 F = Vault count percentage of total count
                 A         B        C        D         E       F
            +---------+---------+-------+---------+---------+-------
      Total |    1323 |      67 |   4.8 |      65 |       2 |   3.0
            +---------+---------+-------+---------+---------+-------
        D:1 |      23 |       0 |   0.0 |       7 |       0 |   0.0
        D:2 |      21 |       0 |   0.0 |      11 |       0 |   0.0
        D:3 |     208 |      67 |  24.4 |      23 |       2 |   8.0
        D:4 |     257 |       0 |   0.0 |       9 |       0 |   0.0
        D:5 |     176 |       0 |   0.0 |       6 |       0 |   0.0
        D:6 |     203 |       0 |   0.0 |       3 |       0 |   0.0
        D:7 |     321 |       0 |   0.0 |       4 |       0 |   0.0
     Temple |     114 |       0 |   0.0 |       2 |       0 |   0.0
            +---------+---------+-------+---------+---------+-------
